 Dungeon Crawl Stone Soup version 0.32-a0-120-gfac0567ad4 (webtiles) character file.

Game seed: 12006379897712742790

217 Esekla the Covert (level 5, 0/37 HPs)
             Began as an Octopode Delver on Feb 6, 2024.
             Was an Initiate of Gozag.
             Slain by an iguana (5 damage)
             ... on level 4 of the Dungeon.
             The game lasted 00:18:29 (2617 turns).

Esekla the Covert (Octopode Delver)                 Turns: 2617, Time: 00:18:30

Health: 0/37       AC:  1    Str: 12    XL:     5   Next: 94%
Magic:  13/16      EV: 14    Int: 14    God:    Gozag
Gold:   427        SH:  0    Dex: 19    Spells: 3/7 levels left

rFire   . . .        a - +0 falchion
rCold   . . .        (no shield)
rNeg    . . .        (helmet restricted)
rPois   .            (no amulet)
rElec   .            i - +6 ring of dexterity
rCorr   .            k - ring of magical power
SInv    .            q - ring of flight
Will    .....        (no ring)
Stlth   +++++        (no ring)
HPRegen 0.26/turn    (no ring)
MPRegen 0.15/turn    (no ring)
                     (no ring)

%: no passive effects
@: mighty, gold aura, freezing walls, flying
A: almost no armour, amphibious, 8 rings, camouflage 1, gelatinous body 1,
(nimble swimmer 1), tentacles
a: Renounce Religion, Potion Petition, Call Merchant, Bribe Branch


You were on level 4 of the Dungeon.
You worshipped Gozag.
Gozag was aware of your devotion.
You visited 2 branches of the dungeon, and saw 6 of its levels.

You collected 628 gold pieces.
You spent 192 gold pieces at shops.
You paid 9 gold pieces to Gozag.

Inventory:

Hand Weapons
 a - a +0 falchion (weapon)
 g - a +0 spear
 s - a +0 dagger
Missiles
 l - 3 boomerangs (quivered)
Jewellery
 i - a +6 ring of dexterity (left tentacle)
 k - a ring of magical power (right tentacle)
 q - a ring of flight (on tentacle)
Wands
 f - a wand of digging (3)
Scrolls
 b - a scroll of fog
 c - 3 scrolls of identify {unknown}
 m - a scroll of amnesia {unknown}
 p - a scroll of revelation
 t - a scroll of teleportation {unknown}
Potions
 d - a potion of enlightenment {unknown}
 e - a potion of haste
 n - a potion of magic {unknown}
 o - 2 potions of might
 r - a potion of curing {unknown}


   Skills:
 * Level 3.6 Fighting
 + Level 0.2(1.4) Short Blades
 + Level 2.4 Long Blades
 * Level 2.7 Dodging
 + Level 8.6 Stealth
 * Level 1.5 Spellcasting
 * Level 0.8 Ice Magic


You had 3 spell levels left.
You knew the following spells:

 Your Spells              Type           Power      Damage    Failure   Level
p - Apportation           Tloc           2%         N/A       26%         1
r - Frozen Ramparts       Ice            6%         1d1       47%         3

Your spell library contained the following spells:

 Spells                   Type           Power      Damage    Failure   Level
 Freeze                   Ice            12%        1d3       19%         1
 Necrotise                Necr           4%         1d4       26%         1
 Sting                    Conj/Alch      4%         1d3       26%         1
 Summon Small Mammal      Summ           4%         N/A       26%         1
 Hailstorm                Conj/Ice       2%         3d5       54%         3
 Gell's Gravitas          Tloc           1%         N/A       58%         3
 Teleport Other           Tloc           1%         N/A       58%         3
 Dispersal                Tloc           0%         N/A       100%        6


Dungeon Overview and Level Annotations

Branches:
Dungeon (5/15)             Temple (1/1) D:5

Altars:
Ashenzari
Cheibriados
Elyvilon
Fedhas
Gozag
Hepliaklqana
Kikubaaqudgha
Makhleb
Nemelex Xobeh
Okawaru
Qazlal
Ru
Sif Muna
Trog
Uskayaw
Vehumet
Wu Jian
Xom
Yredelemnul
The Shining One

Shops:
D:3 :

Annotations:
D:3 jelly


Innate Abilities, Weirdness & Mutations

You cannot wear most types of armour.
You are amphibious.
You can wear up to eight rings at the same time.
Your skin changes colour to match your surroundings (Stealth+).
Your rubbery body absorbs attacks. (AC +1, EV +1)
((You are camouflaged when in or above water. (Stealth+)))
You have tentacles for arms and can constrict up to eight enemies at once.


Message History

You stick the endoplasm like a pincushion!!!
You kill the endoplasm!
You now have 427 gold pieces (gained 9).
Found a smoky grey potion.
Found an escape hatch in the ceiling.
An adder and an endoplasm come into view.
An orc and an iguana come into view.
Found a scroll of fear.
The iguana bites you!
There is an escape hatch in the ceiling, spattered with blood here.
The iguana attacks as it pursues you! The iguana bites you.
The adder misses you.
a - a +0 falchion (weapon)
The adder attacks as it pursues you! The adder bites you. x2
Cast which spell? (? or * to list)
Casting: Frozen Ramparts (quite dangerous; 47% risk of failure)
Press: ? - help, Dir - look around, f - activate The walls around you are covered in ice.
The wall freezes the iguana.
The wall freezes the adder.
The adder closely misses you.
You miss the adder. Your grab misses the adder. You squeeze the adder.
The adder is lightly wounded.
The wall freezes the adder but does no damage.
The adder bites you.
The wall freezes the iguana but does no damage.
You slash the adder! You grab the adder. You squeeze the adder.
You kill the adder!
The wall freezes the iguana.
The iguana seems to slow down.
You hit the iguana. You grab the iguana.
The iguana is moderately wounded.
You constrict the iguana, but do no damage.
The wall freezes the iguana.
The iguana seems to slow down.
The iguana bites you!
* * * LOW HITPOINT WARNING * * *
It was a potion of might.
You feel very mighty all of a sudden.
You constrict the iguana.
The wall freezes the iguana but does no damage.
The iguana bites you.
You die...
Your body crumbles into a pile of gold.

#..!...#
#......#
#......#####
#.......J...
####...<.......
#..............
#####.###......
#l# ...o.. #@#
###+#
##.#######
#.........
###..#######
#>.........# #
####...#.###
##....# #.#..#
#.##.## # #


You could see an iguana (slow).

Vanquished Creatures
  2 bombardier beetles (D:4)
  A jelly (D:4)
  Jessica (D:3)
  2 adders
  5 dart slugs
  An orc (D:4)
  6 ball pythons
  6 endoplasms
  3 giant cockroaches
  4 goblins
  5 hobgoblins
  8 kobolds
  5 quokkas
  5 bats
  4 frilled lizards
  3 rats
61 creatures vanquished.

Notes
Turn   | Place    | Note
-------+----------+-------------------------------------------
     0 | D:5      | Esekla the Octopode Delver began the quest for the Orb.
     0 | D:5      | Reached XP level 1. HP: 16/16 MP: 1/1
    19 | D:5      | Noticed an ogre
    21 | D:5      | Noticed an iguana
    92 | D:5      | Noticed an orc priest
    98 | D:5      | Found a staircase to the Ecumenical Temple.
   106 | Temple   | Entered the Ecumenical Temple
   111 | Temple   | Became a worshipper of Gozag Ym Sagoz the Greedy
   166 | D:4      | Noticed a scorpion
   176 | D:4      | Noticed a sleepcap
   192 | D:4      | Noticed a jelly
   195 | D:4      | Killed a jelly
   196 | D:4      | Reached skill level 7 in Stealth
   196 | D:4      | Reached XP level 2. HP: 21/21 MP: 2/2
   196 | D:4      | Reached XP level 3. HP: 26/26 MP: 3/3
   208 | D:4      | Reached XP level 4. HP: 31/31 MP: 3/5
   284 | D:3      | Noticed Jessica
   293 | D:3      | Killed Jessica
   294 | D:3      | Reached skill level 1 in Spellcasting
   312 | D:3      | Found a white marble altar of Elyvilon.
   406 | D:3      | Reached skill level 8 in Stealth
   413 | D:3      | Found an ornate altar of the Wu Jian Council.
   448 | D:3      | Found a faded altar of an unknown god.
   725 | D:1      | Reached XP level 5. HP: 31/36 MP: 6/6
  2113 | D:3      | Learned a level 3 spell: Frozen Ramparts
  2156 | D:3      | Found a broken altar of Ashenzari.
  2161 | D:3      | Found an ancient bone altar of Kikubaaqudgha.
  2204 | D:3      | Found Marph's Book Boutique.
  2215 | D:3      | Found a shimmering blue altar of Sif Muna.
  2220 | D:3      | Bought a book of Cantrips for 192 gold pieces
  2245 | D:2      | Learned a level 1 spell: Apportation
  2617 | D:4      | Slain by an iguana

Illustrated notes

Levels and vault maps discovered:
D:1:      nicolae_arrival_somewhat_less_tricky_arrival, layout_basic
D:2:      layout_loops_ring
D:3:      layout_basic, mainiacjoe_overflow_tiny_flanked,
          grunt_temple_overflow_open, nicolae_overflow_crystal_walls,
          hellmonk_ecumenical_altar_blasted, serial_shops, shop,
          minmay_pentangle, uniq_jessica
D:4:      layout_basic
D:5:      layout_basic, temple_statues, corexii_checkpoint
Temple:   minmay_freezing_vapour_temple

Skill      XL: |  1  2  3  4 |
---------------+-------------+-----
Stealth        | 7 8 |  8.6
Spellcasting   | 1 |  1.5
Fighting       | |  3.6
Short Blades   | |  0.2
Long Blades    | |  2.4
Dodging        | |  2.7
Ice Magic      | |  0.8

Action                     |  1- 3 |  4- 6 || total
---------------------------+-------+-------++-------
  Melee: Dagger            |     3 |    25 ||    28
         Falchion          |     2 |    59 ||    61
         Constrict         |     1 |    21 ||    22
         Tentacles         |     1 |    11 ||    12
         Punch             |       |     2 ||     2
  Throw: Boomerang         |       |     1 ||     1
   Cast: Frozen Ramparts   |       |     1 ||     1
    Use: Scroll            |     2 |     1 ||     3
         Potion            |       |     1 ||     1
   Stab: Sleeping          |     3 |    24 ||    27
 Armour: Skin              |     2 |    23 ||    25
  Dodge: Dodged            |     4 |    42 ||    46

Table legend: (Time is in decaauts)
 A = Elapsed time spent in this place.
 B = Non-inter-level travel time spent in this place.
 C = Inter-level travel time spent in this place.
 D = Time resting spent in this place.
 E = Time spent auto-exploring this place.
 F = Levels seen in this place.
 G = Mean time per level.
                   A        B        C        D        E       F      G
               +--------+--------+--------+--------+--------+-----+--------+
         Total |   2612 |   2553 |     59 |    145 |    809 |   6 |  435.3 |
       Dungeon |   2601 |   2542 |     59 |    145 |    809 |   5 |  520.2 |
        Temple |     10 |     10 |      0 |      0 |      0 |   1 |   10.0 |
               +--------+--------+--------+--------+--------+-----+--------+

Top non-repeatable levels by time:
     D:1: 817 daAuts
     D:2: 787 daAuts
     D:3: 624 daAuts
     D:4: 250 daAuts
     D:5: 122 daAuts
  Temple: 10 daAuts
